 Dungeon Crawl Stone Soup version 0.29-a0-284-gf9362112df (webtiles) character file.

Game seed: 16456825195942077653

1 n8rtot the Ducker (level 1, -1/10 HPs)
             Began as a Felid Monk on Mar 26, 2022.
             Frozen to death by an endoplasm (5 damage)
             ... on level 1 of the Dungeon.
             The game lasted 00:00:29 (44 turns).

n8rtot the Ducker (Felid Monk)                        Turns: 44, Time: 00:00:30

Health: -1/10      AC:  1    Str:  7    XL:     1   Next: 16%
Magic:  2/2        EV: 19    Int: 11    God:
Gold:   0          SH:  0    Dex: 18    Spells: 0/0 levels left
                                        Lives:  0   Deaths: 0

rFire   . . .      SeeInvis +     - Unarmed
rCold   . . .      Faith    .   (shield unavailable)
rNeg    . . .      Spirit   .   (body armour unavailable)
rPois   .          Reflect  .   (helmet unavailable)
rElec   .          Harm     .   (cloak unavailable)
rCorr   .          Rampage  .   (gloves unavailable)
Will    .....                   (boots unavailable)
Stlth   ++........              (no amulet)
HPRegen 0.03/turn               (no ring)
MPRegen 0.08/turn               (no ring)

@: quick
A: very small, claws 1, fangs 3, see invisible, speed 1, shaggy fur 1, stealthy
paws, no weapons or thrown items, no armour, multi-lived
a: no special abilities


You were on level 1 of the Dungeon.
You visited 1 branch of the dungeon, and saw 1 of its levels.

Inventory:

Potions
 a - a potion of ambrosia


   Skills:
 + Level 3.1 Fighting
 + Level 4.0 Dodging
 + Level 2.6 Stealth
 + Level 3.0 Unarmed Combat


You couldn't memorise any spells.
You didn't know any spells.
Your spell library was empty.

Dungeon Overview and Level Annotations

Branches:
Dungeon (1/15)

Altars:


Innate Abilities, Weirdness & Mutations

You have sharp claws.
You have razor-sharp teeth.
You have supernaturally acute eyesight. (SInv)
You cover ground quickly. (Speed+)
You are covered in fur. (AC +1)
Your paws help you pounce on unaware monsters.
You are incapable of wielding weapons or throwing items.
You cannot wear armour.
You gain extra lives every three experience levels.


Message History

Found a hand axe.
A kobold comes into view. It is wielding a +0 short sword.
A hobgoblin comes into view.
The kobold shouts!
An endoplasm comes into view.
A kobold comes into view. It is wielding a +0 dagger.
Found a stone staircase leading down.
The kobold closely misses you.
A frilled lizard comes into view.
The frilled lizard hisses angrily.
The kobold shouts!
You scratch the kobold but do no damage.
The kobold misses you.
You scratch the kobold but do no damage.
The kobold completely misses you. The endoplasm misses you.
You scratch the kobold but do no damage.
Your bite misses the kobold. The kobold completely misses you.
The endoplasm freezes you.
You are frozen.
You closely miss the kobold.
The kobold hits you with a +0 short sword.
The endoplasm hits you but does no damage.
You closely miss the kobold. You claw the kobold.
The kobold is moderately wounded.
The kobold closely misses you. The endoplasm freezes you.
You are frozen.
You scratch the kobold.
The kobold is heavily wounded.
You scratch the kobold.
You kill the kobold!
The endoplasm hits you.
* * * LOW HITPOINT WARNING * * *
The frilled lizard unfolds its giant frill.
The endoplasm completely misses you. The endoplasm closely misses you.
You scratch the frilled lizard.
You kill the frilled lizard!
The endoplasm freezes you.
You are frozen.
Ouch! That really hurt!
You die...

######## #......# .
#....g@# .. #...KJ†#
... #......# #+# ....
#.....)#####.#####.....
#................).....
#..............⌠...#...
#......###.###.........
#......###'###..##$....
######.##...##..# .....


You could see an endoplasm, a hobgoblin and a kobold.

Vanquished Creatures
  A kobold (D:1)
  A frilled lizard (D:1)
2 creatures vanquished.

Notes
Turn   | Place    | Note
-------+----------+-------------------------------------------
     0 | D:1      | n8rtot the Felid Monk began the quest for the Orb.
     0 | D:1      | Reached XP level 1. HP: 10/10 MP: 2/2
    44 | D:1      | Frozen to death by an endoplasm

Illustrated notes

Levels and vault maps discovered:
D:1:      dpeg_arrival_rooms_a, layout_rooms, serial_shops, shop

Action                   || total
-------------------------++-------
Melee: Unarmed           ||     8
       Punch             ||     1
Armor: Skin              ||     1
Dodge: Dodged            ||     8

Table legend: (Time is in decaauts)
 A = Elapsed time spent in this place.
 B = Non-inter-level travel time spent in this place.
 C = Inter-level travel time spent in this place.
 D = Time resting spent in this place.
 E = Time spent auto-exploring this place.
 F = Levels seen in this place.
 G = Mean time per level.
                   A        B        C        D        E       F      G
               +--------+--------+--------+--------+--------+-----+--------+
         Total |     36 |     36 |      0 |      0 |      1 |   1 |   36.0 |
       Dungeon |     36 |     36 |      0 |      0 |      1 |   1 |   36.0 |
               +--------+--------+--------+--------+--------+-----+--------+

Top non-repeatable levels by time:
     D:1: 36 daAuts
